 Dungeon Crawl Stone Soup version 0.19.5 (webtiles) character file.

181 tidbits the Magician (level 5, -5/34 HPs)
             Began as a High Elf Skald on Nov 9, 2017.
             Slain by an ice beast (8 damage)
             ... on level 5 of the Dungeon.
             The game lasted 00:12:38 (1273 turns).

tidbits the Magician (High Elf Skald)               Turns: 1273, Time: 00:12:39

Health: -5/34      AC:  5    Str: 12    XL:     5   Next: 34%
Magic:  1/12       EV: 11    Int: 15    God:
Gold:   142        SH:  0    Dex: 15    Spells: 5 memorised, 2 levels left

rFire  . . .     SeeInvis .     a - +0 long sword
rCold  . . .     Gourm    .     B - +0 leather armour
rNeg   . . .     Faith    .     (no shield)
rPois  .         Spirit   .     E - +0 helmet
rElec  .         Reflect  .     (no cloak)
rCorr  .         Harm     .     G - +0 pair of gloves
MR     .....                    (no boots)
Stlth  +.........               (no amulet)
                                (no ring)
                                (no ring)

@: infused
A: no striking features
a: no special abilities


You were on level 5 of the Dungeon.
You were hungry.

You visited 1 branch of the dungeon, and saw 6 of its levels.

You collected 142 gold pieces.

Inventory:

Hand Weapons
 a - a +0 long sword (weapon)
   (You found it on level 4 of the Dungeon)
 i - a +0 falchion
 n - a +0 blowgun
   (You found it on level 2 of the Dungeon)
Missiles
 e - 22 stones (quivered)
 h - 4 needles of frenzy
 m - 55 sling bullets
 o - 44 arrows
 w - 12 bolts
Armour
 q - a +0 ring mail
   (You found it on level 3 of the Dungeon)
 B - a +0 leather armour (worn)
 E - a +0 helmet (worn)
   (You found it on level 2 of the Dungeon)
 G - a +0 pair of gloves (worn)
   (You found it on level 1 of the Dungeon)
Wands
 y - a wand of acid (3/15)
   (You found it on level 5 of the Dungeon)
Scrolls
 b - 2 scrolls of blinking {unknown}
 f - a scroll of enchant armour {unknown}
 g - 2 scrolls of amnesia
 j - a scroll of immolation {unknown}
 k - a scroll of teleportation {unknown}
 r - 4 scrolls of remove curse
 v - a scroll of enchant weapon {unknown}
Potions
 p - 2 potions of curing
 s - a potion of brilliance
 t - a potion of mutation {unknown}
 u - a potion of magic {unknown}
 x - a potion of lignification {unknown}
 z - a potion of resistance {unknown}
 A - a potion of cancellation {unknown}
 C - a potion of might {unknown}
Books
 c - a book of Battle

   Spells                             Type                      Level
   a - Infusion                       Charms                       1
   b - Shroud of Golubria             Charms/Translocation         2
   c - Song of Slaying                Charms                       2
   d - Spectral Weapon                Hexes/Charms                 3
   e - Regeneration                   Charms/Necromancy            3
Comestibles
 d - 2 bread rations
 l - 2 beef jerkies


   Skills:
 - Level 2.0 Fighting
 + Level 3.9 Long Blades
 - Level 0.8 Armour
 - Level 1.1 Dodging
 - Level 4.5 Spellcasting
 - Level 1.3 Hexes
 - Level 4.2 Charms
 - Level 1.0 Necromancy


You had 2 spell levels left.
You knew the following spells:

 Your Spells              Type           Power        Failure   Level  Hunger
g - Shroud of Golubria    Chrm/Tloc      #.........   17%         2    ##.....
i - Infusion              Chrm           ###.         4%          1    None
r - Regeneration          Chrm/Necr      ##........   24%         3    ###....
w - Spectral Weapon       Hex/Chrm       ##......     24%         3    ###....
y - Song of Slaying       Chrm           ###.....     8%          2    ##.....


Dungeon Overview and Level Annotations

Branches:
Dungeon (6/15)
 Temple: D:4-7

Altars:
Fedhas
Kikubaaqudgha

Annotations:
D:3 p0werm0de's ghost, amateur HECK


Message History

There is a stone staircase leading down here.
Casting: Spectral Weapon
Confirm with . or Enter, or press ? or * to list all spells.
You draw out your weapon's spirit!
The orc barely misses you.
You slash the orc!
You kill the orc!
You swap places.
You see here an orc corpse.
Casting: Spectral Weapon
Confirm with . or Enter, or press ? or * to list all spells.
Your skin crawls.
Your skin is crawling a little less now.
Your skin stops crawling.
Your spectral weapon fades away.
Casting: Regeneration
Confirm with . or Enter, or press ? or * to list all spells.
Your skin crawls.
Found a spear.
Found a stone staircase leading down.
Your skin is crawling a little less now.
A giant cockroach and a skeleton come into view.
Casting: Regeneration
Confirm with . or Enter, or press ? or * to list all spells.
You draw out your weapon's spirit!
The giant cockroach moves out of view.
An ice beast comes into view.
The giant cockroach barely misses your spectral weapon.
Your skin stops crawling.
You are feeling hungry.
The giant cockroach barely misses your spectral weapon.
The quokka skeleton completely misses you.
The giant cockroach closely misses your spectral weapon.
You see here a spear.
You hit the quokka skeleton.
The quokka skeleton is heavily damaged.
Your spectral weapon hits the quokka skeleton!
You destroy the quokka skeleton!
The giant cockroach barely misses your spectral weapon.
The giant cockroach bites your spectral weapon but does no damage.
The giant cockroach barely misses you.
Found a stone staircase leading up.
Casting: Spectral Weapon
Confirm with . or Enter, or press ? or * to list all spells.
You begin infusing your attacks with magical energy.
The giant cockroach bites you but does no damage.
You hit the giant cockroach.
The giant cockroach is almost dead.
Your spectral weapon barely misses the giant cockroach.
The giant cockroach bites you but does no damage.
The giant cockroach barely misses you.
You riposte.
You closely miss the giant cockroach.
The giant cockroach is almost dead.
You hit the giant cockroach.
You kill the giant cockroach!
You hit the ice beast.
The ice beast is lightly wounded.
Your spectral weapon closely misses the ice beast.
The ice beast hits you. The ice beast freezes you!
You hit the ice beast but do no damage.
The ice beast is lightly wounded.
Your spectral weapon hits the ice beast!
The ice beast hits you but does no damage.
You hit the ice beast.
The ice beast is severely wounded.
Your spectral weapon hits the ice beast but does no damage.
The ice beast hits your spectral weapon but does no damage.
The ice beast hits your spectral weapon.
Your spectral weapon shares its damage with you!
The ice beast freezes your spectral weapon.
Your spectral weapon resists.
Your spectral weapon shares its damage with you!
You barely miss the ice beast.
The ice beast is heavily wounded.
Your spectral weapon hits the ice beast.
The ice beast closely misses you.
You hit the ice beast.
The ice beast is severely wounded.
Your spectral weapon hits the ice beast but does no damage.
The ice beast closely misses you.
You hit the ice beast but do no damage.
The ice beast is severely wounded.
Your spectral weapon hits the ice beast.
The ice beast closely misses you.
You closely miss the ice beast.
The ice beast is almost dead.
Your spectral weapon barely misses the ice beast.
The ice beast hits you.
* * * LOW HITPOINT WARNING * * *
The ice beast freezes you!
* * * LOW HITPOINT WARNING * * *
You feel better. The ice beast barely misses you.
You barely miss the ice beast.
The ice beast is almost dead.
Your spectral weapon misses the ice beast.
The ice beast hits you.
* * * LOW HITPOINT WARNING * * *
The ice beast freezes you.
* * * LOW HITPOINT WARNING * * *
The ice beast hits you.
* * * LOW HITPOINT WARNING * * *
The ice beast freezes you!
You die...

#.######....#...#
####.............# ...
#>......###.##.####..#
#.†.....##..##.# ....
# #.......######.#
#..# # #########
#.##... . . #.#..# ...
#.#Y##.....
#.(@.......
#.)#.....<.
#...#.......
#..##....### #..#
.#.## #... .#.# #...
.. # #... .# #....


You could see an ice beast and a friendly spectral long sword.

Vanquished Creatures
  A bullfrog zombie (D:5)
  An orc priest (D:4)
  2 worker ants
  4 adders
  An ooze (D:3)
  A worm (D:2)
  2 leopard geckos
  3 orcs
  A ball python (D:3)
  A bat (D:2)
  A giant cockroach (D:5)
  2 goblins
  3 hobgoblins
  2 kobolds
  A quokka skeleton (D:5)
  5 rats
31 creatures vanquished.

Notes
Turn   | Place    | Note
-------+----------+-------------------------------------------
     0 | D:1      | tidbits the High Elf Skald began the quest for the Orb.
     0 | D:1      | Reached XP level 1. HP: 14/14 MP: 4/4
   200 | D:2      | Reached skill level 3 in Spellcasting
   307 | D:2      | Reached XP level 2. HP: 16/19 MP: 4/7
   311 | D:2      | Learned a level 2 spell: Song of Slaying
   314 | D:2      | Learned a level 2 spell: Shroud of Golubria
   379 | D:3      | Found a blossoming altar of Fedhas.
   580 | D:3      | Reached skill level 3 in Long Blades
   668 | D:3      | Reached XP level 3. HP: 15/24 MP: 4/8
   684 | D:3      | Learned a level 3 spell: Spectral Weapon
   810 | D:4      | Reached skill level 1 in Hexes
   810 | D:4      | Reached skill level 4 in Charms
   812 | D:4      | Reached XP level 4. HP: 18/29 MP: 3/9
   854 | D:3      | Noticed p0werm0de's ghost (amateur HECK)
   889 | D:4      | Found an ancient bone altar of Kikubaaqudgha.
  1027 | D:4      | Reached skill level 4 in Spellcasting
  1059 | D:5      | Entered Level 5 of the Dungeon
  1075 | D:5      | Reached XP level 5. HP: 32/34 MP: 8/12
  1080 | D:5      | Learned a level 3 spell: Regeneration
  1105 | D:5      | Reached skill level 1 in Necromancy
  1227 | D:6      | Noticed a centaur
  1257 | D:5      | Noticed an ice beast
  1273 | D:5      | HP: 3/34 [ice beast (1)]
  1273 | D:5      | Slain by an ice beast

Skill      XL: |  1  2  3  4  5 |
---------------+----------------+-----
Spellcasting   | 3 4 |  4.5
Long Blades    | 3 |  3.9
Hexes          | 1 |  1.3
Charms         | 4 |  4.2
Necromancy     | 1 |  1.0
Fighting       | |  2.0
Armour         | |  0.8
Dodging        | |  1.1

Action                   |  1- 3 |  4- 6 || total
-------------------------+-------+-------++-------
Melee: Falchion          |    48 |       ||    48
       Long sword        |       |    33 ||    33
 Cast: Infusion          |    13 |     3 ||    16
       Shroud of Golubri |     1 |       ||     1
       Spectral Weapon   |       |     6 ||     6
       Regeneration      |       |     2 ||     2
  Use: Scroll            |     4 |     2 ||     6
       Potion            |     1 |     1 ||     2
 Stab: Distracted        |       |     1 ||     1
  Eat: Chunk             |       |     2 ||     2
Armor: Leather armour    |    11 |    11 ||    22
Dodge: Dodged            |    15 |    27 ||    42
       Rpst.: Falchion   |     4 |       ||     4
       Long sword        |       |     4 ||     4

Table legend:
 A = Turns spent in this place as a percentage of turns spent in the entire game.
 B = Non-inter-level travel turns spent in this place as a percentage of non-inter-level travel turns spent in the entire game.
 C = Inter-level travel turns spent in this place as a percentage of turns spent in this place.
 D = Turns resting spent in this place as a percentage of non-inter-level travel turns spent in this place.
 E = Turns spent auto-exploring this place as a percentage of non-inter-level travel turns spent in this place.
 F = Non-inter-level travel turns spent in this place divided by the number of levels of this place that you've seen.
                   A       B       C       D       E      F
               +-------+-------+-------+-------+-------+----------------------
         Total | 100.0 | 100.0 |   0.1 |   0.0 |   0.0 | 195.2
       Dungeon | 100.0 | 100.0 |   0.1 |   0.0 |   0.0 | 195.2
               +-------+-------+-------+-------+-------+----------------------

Table legend:
 A = Kills in this place as a percentage of kills in entire the game.
 B = Kills by you in this place as a percentage of kills by you in the entire game.
 C = Kills by friends in this place as a percentage of kills by friends in the entire game.
 D = Other kills in this place as a percentage of other kills in the entire game.
 E = Experience gained in this place as a percentage of experience gained in the entire game.
 F = Experience gained in this place divided by the number of levels of this place that you have seen.
                   A       B       C       D       E      F
               +-------+-------+-------+-------+-------+----------------------
         Total | 100.0 | 100.0 |  -nan |  -nan | 100.0 |  43.2
       Dungeon | 100.0 | 100.0 |  -nan |  -nan | 100.0 |  43.2
               +-------+-------+-------+-------+-------+----------------------

Vault maps used:
D:1:      ncdulo_halloftheorcs
D:3:      fedhas_altar_2
D:4:      marbit_many_paths, tgw_sif, minmay_misc_feat_diagonals, uniq_robin
D:5:      minmay_temple_entry_grid, first_bread
D:6:      overflow_temple_1_default, grunt_ministairs_6, kennysheep_boxes
